A+ CENTRAL
QUAD CITIES RIVER BANDITS @ PEORIA CHIEFS
06/09/2042
 
TOP OF THE 1ST
Quad Cities River Bandits batting - Pitching for Peoria Chiefs : LHP Ron Lawson
Pitching: LHP Ron Lawson
Batting: RHB Tony Cruz 0-0: Ball
1-0: Ball
2-0: Ball
3-0: Base on Balls
Batting: SHB Jesús Salcido 0-0: Called Strike
0-1: Ball
1-1: Sac Bunt to 13 - play at first, batter OUT! 1-3
Tony Cruz to second
Batting: RHB Ron May 0-0: Ball
Tony Cruz is caught stealing 3rd base 2-5
1-0: Foul Ball, location: 9LSF
1-1: Ball
2-1: SOLO HOME RUN (Flyball, 7D, EV 93.1 MPH), Distance : 349 ft
Batting: LHB Joe Barber 0-0: Swinging Strike
0-1: Ball
1-1: Ball
2-1: Fly out, F8 (Flyball, 8RM, EV 90.6 MPH)
Top of the 1st over - 1 run, 1 hit, 0 errors, 0 left on base; Quad Cities 1 - Peoria 0
BOTTOM OF THE 1ST
Peoria Chiefs batting - Pitching for Quad Cities River Bandits : RHP Eric Scott
Pitching: RHP Eric Scott
Batting: RHB Dan Fletcher SINGLE, rundown, out at 1st!
Batting: SHB Sal Cole 0-0: Ball
1-0: Swinging Strike
1-1: SINGLE (Groundball, 6D, EV 105.6 MPH)
Batting: RHB Jim Giles 0-0: Ball
1-0: Ball
2-0: Called Strike
2-1: Ball
3-1: Fly out, F5 (Popup, 56, EV 61.3 MPH)
Batting: RHB Walt Nelson 0-0: Called Strike
0-1: Foul Ball, location: 2F
0-2: Ball
1-2: Ball
2-2: Strikes out swinging
Bottom of the 1st over - 0 runs, 2 hits, 0 errors, 1 left on base; Quad Cities 1 - Peoria 0
TOP OF THE 2ND
Quad Cities River Bandits batting - Pitching for Peoria Chiefs : LHP Ron Lawson
Batting: SHB Jim Baker 0-0: Foul Ball, location: 2F
0-1: Ground out 6-3 (Groundball, 6, EV 102.5 MPH)
Batting: LHB Jonathan Pearson 0-0: Ball
1-0: Ball
2-0: Foul Ball, location: 5F
2-1: Ball
3-1: Called Strike
3-2: Fly out, F4 (Popup, 4M, EV 75.0 MPH)
Batting: RHB Juan Carlos Ochoa 0-0: Ball
1-0: Ground out 6-3 (Groundball, 6, EV 104.4 MPH)
Top of the 2nd over - 0 runs, 0 hits, 0 errors, 0 left on base; Quad Cities 1 - Peoria 0
BOTTOM OF THE 2ND
Peoria Chiefs batting - Pitching for Quad Cities River Bandits : RHP Eric Scott
Batting: LHB Joe Keller 0-0: Ground out 4-3 (Groundball, 4, EV 86.3 MPH)
Batting: LHB Juan Luis Alou 0-0: Called Strike
0-1: Ball
1-1: Fly out, F7 (Flyball, 7LM, EV 94.4 MPH)
Batting: SHB Wilson Gómez 0-0: Ball
1-0: Foul Ball, location: 7LMF
1-1: Called Strike
1-2: Strikes out swinging
Bottom of the 2nd over - 0 runs, 0 hits, 0 errors, 0 left on base; Quad Cities 1 - Peoria 0
TOP OF THE 3RD
Quad Cities River Bandits batting - Pitching for Peoria Chiefs : LHP Ron Lawson
Batting: RHB Dave Stone 0-0: Ball
1-0: Foul Ball, location: 3F
1-1: Swinging Strike
1-2: Strikes out looking
Batting: RHB Ánibal Viera 0-0: Ball
1-0: Fly out, F4 (Popup, 3S, EV 82.5 MPH)
Batting: RHB Tony Cruz 0-0: Ball
1-0: Ball
2-0: Foul Ball, location: 2F
2-1: Swinging Strike
2-2: Fly out, F8 (Flyball, 8RXD, EV 110.0 MPH)
Top of the 3rd over - 0 runs, 0 hits, 0 errors, 0 left on base; Quad Cities 1 - Peoria 0
BOTTOM OF THE 3RD
Peoria Chiefs batting - Pitching for Quad Cities River Bandits : RHP Eric Scott
Batting: RHB Ron Booker 0-0: Ball
1-0: Ball
2-0: Foul Ball, location: 23FF
2-1: Ground out 6-3 (Groundball, 6, EV 80.6 MPH)
Batting: LHB Kris Reynolds 0-0: Ball
1-0: Ball
2-0: Ball
3-0: Called Strike
3-1: Fly out, F9 (Line Drive, 9S, EV 94.4 MPH)
Batting: RHB Dan Fletcher 0-0: Called Strike
0-1: Swinging Strike
0-2: Strikes out swinging
Bottom of the 3rd over - 0 runs, 0 hits, 0 errors, 0 left on base; Quad Cities 1 - Peoria 0
TOP OF THE 4TH
Quad Cities River Bandits batting - Pitching for Peoria Chiefs : LHP Ron Lawson
Batting: SHB Jesús Salcido 0-0: Ball
1-0: DOUBLE (Line Drive, 7LS, EV 87.5 MPH)
Batting: RHB Ron May 0-0: Ball
1-0: Fly out, F3 (Popup, 23F, EV 77.5 MPH)
Batting: LHB Joe Barber 0-0: Ball
1-0: Ground out U3 (Groundball, 3L, EV 78.1 MPH)
Jesús Salcido to third
Batting: SHB Jim Baker 0-0: Ball
1-0: Ball
2-0: Ball
3-0: Base on Balls
Batting: LHB Jonathan Pearson 0-0: Ball
1-0: Called Strike
1-1: Ball
2-1: Ground out 4-3 (Groundball, 34, EV 92.5 MPH)
Top of the 4th over - 0 runs, 1 hit, 0 errors, 2 left on base; Quad Cities 1 - Peoria 0
BOTTOM OF THE 4TH
Peoria Chiefs batting - Pitching for Quad Cities River Bandits : RHP Eric Scott
Batting: SHB Sal Cole 0-0: Swinging Strike
0-1: Ball
1-1: Foul Ball, location: 9LMFF
1-2: Ball
2-2: Strikes out swinging
Batting: RHB Jim Giles 0-0: Foul Ball, location: 2F
0-1: Ball
1-1: Called Strike
1-2: Ball
2-2: Strikes out swinging
Batting: RHB Walt Nelson 0-0: Called Strike
0-1: DOUBLE (Groundball, 5L, EV 103.8 MPH)
Batting: LHB Joe Keller 0-0: Called Strike
0-1: Ball
1-1: Foul Ball, location: 2F
1-2: Fly out, F8 (Flyball, 8LD, EV 108.1 MPH)
Bottom of the 4th over - 0 runs, 1 hit, 0 errors, 1 left on base; Quad Cities 1 - Peoria 0
TOP OF THE 5TH
Quad Cities River Bandits batting - Pitching for Peoria Chiefs : LHP Ron Lawson
Batting: RHB Juan Carlos Ochoa 0-0: Ball
1-0: Fly out, F7 (Flyball, 7D, EV 110.0 MPH)
Batting: RHB Dave Stone 0-0: Ball
1-0: Foul Ball, location: 2F
1-1: Fly out, F9 (Flyball, 9LMF, EV 95.0 MPH)
Batting: RHB Ánibal Viera 0-0: Ground out 3-1 (Groundball, 34S, EV 79.4 MPH)
Top of the 5th over - 0 runs, 0 hits, 0 errors, 0 left on base; Quad Cities 1 - Peoria 0
BOTTOM OF THE 5TH
Peoria Chiefs batting - Pitching for Quad Cities River Bandits : RHP Eric Scott
Batting: LHB Juan Luis Alou 0-0: Called Strike
0-1: Called Strike
0-2: Ground out 5-3 (Groundball, 56, EV 85.0 MPH)
Batting: SHB Wilson Gómez 0-0: Ball
1-0: SINGLE (Groundball, 6MD, EV 94.4 MPH)
Batting: RHB Ron Booker 0-0: Foul Ball, location: 9LSF
0-1: SINGLE (Groundball, 34D, EV 100.0 MPH)
Wilson Gómez to second
Runner from 2nd tries for 3rd, SAFE, throw by RF made to third
Batting: LHB Kris Reynolds 0-0: Ball
1-0: Ball
2-0: Ball
3-0: Called Strike
3-1: Called Strike
3-2: Base on Balls
Ron Booker to second
Batting: RHB Dan Fletcher 0-0: Grounds into double play, 4-6-3 (Groundball, 4, EV 97.5 MPH)
Bottom of the 5th over - 0 runs, 2 hits, 0 errors, 2 left on base; Quad Cities 1 - Peoria 0
TOP OF THE 6TH
Quad Cities River Bandits batting - Pitching for Peoria Chiefs : LHP Ron Lawson
Batting: RHB Tony Cruz 0-0: Called Strike
0-1: Ball
1-1: Ground out 5-3 (Groundball, 5L, EV 80.0 MPH)
Batting: SHB Jesús Salcido 0-0: Swinging Strike
0-1: Foul Ball, location: 7LMF
0-2: Ground out 5-3 (Groundball, 5S, EV 77.5 MPH)
Batting: RHB Ron May 0-0: Ball
1-0: Ground out 6-3 (Groundball, 6, EV 107.5 MPH)
Top of the 6th over - 0 runs, 0 hits, 0 errors, 0 left on base; Quad Cities 1 - Peoria 0
BOTTOM OF THE 6TH
Peoria Chiefs batting - Pitching for Quad Cities River Bandits : RHP Eric Scott
Batting: SHB Sal Cole 0-0: Ball
1-0: Swinging Strike
1-1: Called Strike
1-2: Foul Ball, location: 2F
1-2: Ball
2-2: Strikes out swinging
Batting: RHB Jim Giles 0-0: Foul Ball, location: 2F
0-1: Called Strike
0-2: Ball
1-2: Strikes out swinging
Batting: RHB Walt Nelson 0-0: Called Strike
0-1: Ball
1-1: Called Strike
1-2: Ball
2-2: Ball
3-2: Ground out 1-3 (Groundball, 25, EV 68.1 MPH)
Bottom of the 6th over - 0 runs, 0 hits, 0 errors, 0 left on base; Quad Cities 1 - Peoria 0
TOP OF THE 7TH
Quad Cities River Bandits batting - Pitching for Peoria Chiefs : LHP Ron Lawson
Batting: LHB Joe Barber 0-0: Ball
1-0: Foul Ball, location: 2F
1-1: Called Strike
1-2: Foul Ball, location: 9LSF
1-2: Ball
2-2: Foul Ball, location: 7LMF
2-2: DOUBLE (Line Drive, 78D, EV 101.9 MPH)
Batting: SHB Jim Baker 0-0: Intentional Walk
Batting: LHB Jonathan Pearson 0-0: Called Strike
0-1: DOUBLE (Flyball, 78XD, EV 102.5 MPH)
Joe Barber scores
Jim Baker to third
Batting: RHB Juan Carlos Ochoa 0-0: Intentional Walk
Batting: RHB Dave Stone 0-0: Ball
1-0: Fly out, F8 (Flyball, 8LM, EV 88.8 MPH)
Runner from 3rd tags up, SCORES, throw by CF
Batting: RHB Ánibal Viera 0-0: Ball
1-0: Called Strike
1-1: Foul Ball, location: 2F
1-2: Ball
2-2: Fly out, F3 (Popup, 3S, EV 86.3 MPH)
Batting: RHB Tony Cruz 0-0: Called Strike
0-1: Foul Ball, location: 3SF
0-2: SINGLE (Line Drive, 6M, EV 98.1 MPH)
Jonathan Pearson to third
Juan Carlos Ochoa to second
Runner from 3rd tries for Home, throw by CF and OUT! 8-2
Top of the 7th over - 2 runs, 3 hits, 0 errors, 2 left on base; Quad Cities 3 - Peoria 0
BOTTOM OF THE 7TH
Peoria Chiefs batting - Pitching for Quad Cities River Bandits : RHP Eric Scott
Now at 2B: Jorge Moreno
Batting: LHB Joe Keller 0-0: Ball
1-0: Ball
2-0: Ball
3-0: Base on Balls
Batting: LHB Juan Luis Alou 0-0: Ball
1-0: Ball
2-0: Foul Ball, location: 3F
2-1: Ball
3-1: Base on Balls
Joe Keller to second
Batting: SHB Wilson Gómez 0-0: Swinging Strike
0-1: Ball
1-1: Foul Ball, location: 2F
1-2: Ball
2-2: Strikes out swinging
Batting: RHB Ron Booker 0-0: SINGLE (Groundball, 4, EV 85.6 MPH)
Joe Keller to third
Juan Luis Alou to second
Pitching: RHP Juan Ramos
Pinch Hitting: RHB Luis Rodríguez 0-0: Swinging Strike
0-1: Ball
1-1: Foul Ball, location: 2F
1-2: Foul Ball, location: 2F
1-2: Strikes out swinging
Pinch Hitting: LHB Mike LeBlanc 0-0: Ball
1-0: Ball
2-0: GRAND SLAM HOME RUN (Flyball, 7D, EV 95.0 MPH), Distance : 367 ft
Batting: SHB Sal Cole 0-0: Called Strike
0-1: Called Strike
0-2: Ball
1-2: Ball
2-2: Foul Ball, location: 5FF
2-2: Strikes out swinging, 2-3 out at first.
Bottom of the 7th over - 4 runs, 2 hits, 0 errors, 0 left on base; Quad Cities 3 - Peoria 4
TOP OF THE 8TH
Quad Cities River Bandits batting - Pitching for Peoria Chiefs : LHP Ron Lawson
Now at SS: Jorge Costello
Now in LF: Greg Thompson
Pinch Hitting: RHB Billy Landry 0-0: Fly out, F8 (Flyball, 8LD, EV 109.4 MPH)
Batting: RHB Ron May 0-0: Ball
1-0: Ball
2-0: Called Strike
2-1: Foul Ball, location: 2F
2-2: Foul Ball, location: 2F
2-2: Ground out 6-3 (Groundball, 6, EV 88.8 MPH)
Pinch Hitting: RHB Juan Rivera 0-0: Foul Ball, location: 5F
0-1: Ball
1-1: Swinging Strike
1-2: Foul Ball, location: 2F
1-2: Fly out, F9 (Flyball, 9, EV 93.1 MPH)
Top of the 8th over - 0 runs, 0 hits, 0 errors, 0 left on base; Quad Cities 3 - Peoria 4
BOTTOM OF THE 8TH
Peoria Chiefs batting - Pitching for Quad Cities River Bandits : RHP Juan Ramos
Now at 2B: Joe Gregory
Now at SS: Jorge Moreno
Now in LF: Juan Rivera
Batting: RHB Jim Giles 0-0: Ball
1-0: Ball
2-0: Ball
3-0: Called Strike
3-1: Base on Balls
Batting: RHB Walt Nelson 0-0: Swinging Strike
0-1: Called Strike
0-2: Strikes out swinging
Batting: LHB Joe Keller 0-0: Called Strike
Jim Giles steals 2nd base
0-1: Called Strike
0-2: Ball
1-2: Strikes out swinging
Batting: LHB Juan Luis Alou 0-0: Ball
1-0: Ball
2-0: Called Strike
2-1: Foul Ball, location: 25FF
2-2: Ball
3-2: Hit by Pitch
Batting: SHB Wilson Gómez 0-0: Swinging Strike
0-1: Ball
1-1: SINGLE (Groundball, 6MD, EV 101.3 MPH)
Jim Giles to third
Juan Luis Alou to second
Runner from 3rd tries for Home, SAFE, throw by CF to home
Batting: RHB Ron Booker 0-0: Called Strike
0-1: Swinging Strike
0-2: Ball
1-2: Foul Ball, location: 5SF
1-2: Foul Ball, location: 2LF
1-2: Strikes out swinging
Bottom of the 8th over - 1 run, 1 hit, 0 errors, 2 left on base; Quad Cities 3 - Peoria 5
TOP OF THE 9TH
Quad Cities River Bandits batting - Pitching for Peoria Chiefs : LHP Ron Lawson
Pitching: RHP Tony Mejía
Now at 3B: Ken Dunn
Now in RF: Adrián Ramírez
Batting: SHB Jim Baker 0-0: Called Strike
0-1: Foul Ball, location: 2LF
0-2: Ball
1-2: Fly out, F8 (Flyball, 8LM, EV 80.0 MPH)
Pinch Hitting: SHB Kevin Payne 0-0: Ball
1-0: Ball
2-0: Ball
3-0: Base on Balls
Batting: RHB Juan Carlos Ochoa 0-0: Called Strike
0-1: Foul Ball, location: 5F
0-2: Ball
1-2: Foul Ball, location: 2F
1-2: Foul Ball, location: 9LSFF
1-2: Ball
2-2: Grounds into double play, 3-6-3 (Groundball, 34, EV 91.9 MPH)
Top of the 9th over - 0 runs, 0 hits, 0 errors, 0 left on base; Quad Cities 3 - Peoria 5
Friday, May 3rd , 2024 - OOTP Baseball 24.10 Build 82